Map: Central Protocol

Players

DrPlato - Winner!

  • Race: Protoss Protoss
  • League: Platinum

SticklerMac

  • Race: Zerg Zerg
  • League: Platinum

VOD

Have the link to the VOD?

Description

Time

  • Played on: Nov. 14, 2015, 9:20 p.m.
  • Length: 13:17
Show
View Real Time Build Order
Export as new Build Order

DrPlato Protoss - Winner!

Build Orders: Forge Fast Expand (FFE) 

Get SALT Encoding   

  12  0:01  Probe (Chrono Boost)  
  13  0:12  Probe (Chrono Boost)  
  14  0:23  Pylon  
  14  0:27  Probe (Chrono Boost)  
  15  0:42  Forge  
  15  0:44  Probe (Chrono Boost)  
  16  0:54  Probe (Chrono Boost)  
  17  1:06  Probe (Chrono Boost)  
  18  1:21  Nexus  
  18  1:25  Probe (Chrono Boost)  
  19  1:29  Pylon  
  19  1:40  Gateway  
  19  1:55  Pylon  
  19  1:58  Photon Cannon  
  19  2:14  Photon Cannon  
  19  2:16  Photon Cannon  
  19  2:22  Photon Cannon  
  19  2:33  Pylon  
  19  2:41  Cybernetics Core  
  21  2:44  Zealot  
  21  2:50  Assimilator  
  21  2:54  Probe (Chrono Boost)  
  22  3:02  Assimilator  
  22  3:04  Probe x2 (Chrono Boost)  
  24  3:22  Probe x2 (Chrono Boost)  
  26  3:32  Probe x2 (Chrono Boost)  
  28  3:35  Zealot  
  28  3:38  Pylon  
  30  3:43  Probe (Chrono Boost)  
  31  3:53  Pylon  
  31  4:01  Pylon  
  31  4:08  Gateway x2  
  31  4:16  Gateway  
  30  4:24  Photon Cannon  
  30  4:26  Gateway  
  30  4:34  Warp Gate (Chrono Boost)  
  30  4:36  Mothership Core (Chrono Boost)  
  32  4:40  Pylon  
  32  4:50  Photon Cannon  
  32  4:55  Probe  
  32  4:57  Probe  
  34  5:05  Sentry, Probe  
  38  5:11  Probe  
  40  5:16  Probe  
  40  5:17  Assimilator  
  41  5:23  Probe  
  41  5:24  Pylon  
  38  5:42  Pylon  
  38  5:45  Forge  
  38  6:01  Assimilator  
  38  6:05  Probe  
  38  6:06  Probe  
  40  6:15  Probe  
  41  6:19  Protoss Ground Weapons Level 1 (Chrono Boost)  
  41  6:20  Probe  
  41  6:22  Photon Cannon  
  42  6:26  Probe  
  42  6:32  Probe  
  44  6:33  Pylon  
  44  6:36  Sentry, Probe  
  44  6:37  Sentry x2  
  44  6:38  Sentry  
  53  6:44  Probe  
  54  6:47  Probe  
  54  6:51  Robotics Facility  
  55  6:56  Probe  
  55  6:57  Probe  
  57  7:01  Pylon  
  57  7:06  Gateway  
  57  7:08  Probe x2  
  57  7:13  Zealot x2  
  57  7:14  Zealot  
  65  7:20  Twilight Council, Probe x2  
  67  7:30  Stalker  
  69  7:39  Probe  
  70  7:44  Pylon  
  70  7:47  Zealot x3  
  76  8:01  Gateway, Zealot  
  78  8:08  Pylon  
  78  8:16  Zealot x3  
  78  8:17  Pylon  
  84  8:21  Observer  
  84  8:23  Charge  
  84  8:26  Pylon  
  85  8:27  Dark Shrine  
  85  8:30  Zealot  
  85  8:31  Zealot  
  89  8:45  Stalker x3  
  85  9:02  Stalker  
  87  9:03  Stalker  
  89  9:12  Protoss Ground Weapons Level 2 (Chrono Boost)  
  89  9:18  Nexus  
  89  9:20  Sentry x2, Pylon  
  89  9:22  Pylon  
  73  9:49  Stalker x2  
  73  9:50  Dark Templar x4  
  65  10:18  Stalker x2  
  69  10:38  Dark Templar  
  69  10:52  Blink (Chrono Boost)  
  69  10:54  Observer  
  60  11:04  Stalker  
  60  11:05  Stalker x4  
  68  11:22  Probe  
  68  11:24  Probe x2  
  71  11:28  Assimilator  
  71  11:32  Stalker x4, Assimilator  
  77  11:33  Dark Templar x2  
  77  11:36  Probe  
  82  11:49  Gateway x2  
  82  11:53  Gateway  
  78  11:56  Gateway  
  78  12:00  Zealot x3  
  84  12:01  Stalker  
  86  12:13  Stalker x2  
  84  12:43  Dark Templar x4  
  90  12:45  Stalker  
  90  13:10  Dark Templar  
Show
View Real Time Build Order
Export as new Build Order

SticklerMac Zerg 

Build Orders: Hatch First, Zergling Baneling 

Get SALT Encoding   

  12  0:01  Drone  
  13  0:12  Overlord  
  13  0:17  Drone  
  14  0:30  Drone x2  
  16  0:38  Drone  
  17  0:56  Hatchery  
  16  0:58  Drone  
  16  1:00  Drone  
  16  1:03  Extractor  
  17  1:17  Spawning Pool  
  16  1:28  Drone x2  
  16  1:29  Drone  
  19  1:40  Drone  
  20  1:55  Drone  
  21  2:01  Overlord  
  21  2:10  Queen  
  21  2:11  Metabolic Boost  
  25  2:21  Drone  
  25  2:22  Drone  
  27  2:30  Zergling x6  
  30  2:38  Zergling x2  
  30  2:43  Zergling x2  
  30  2:46  Zergling x2  
  33  2:54  Zergling x2  
  33  2:55  Zergling x2  
  33  3:00  Queen  
  35  3:06  Hatchery  
  35  3:08  Zergling x2  
  35  3:21  Overlord  
  35  3:24  Overlord  
  34  3:48  Baneling Nest  
  33  4:03  Zergling x6  
  33  4:04  Zergling x6  
  39  4:20  Hatchery  
  39  4:22  Zergling x2  
  39  4:36  Baneling x2  
  39  4:37  Baneling x7  
  39  4:38  Baneling x3  
  39  4:41  Baneling  
  39  4:42  Baneling  
  39  4:46  Drone  
  39  4:47  Drone  
  39  4:48  Drone, Extractor  
  41  4:59  Zergling x2  
  42  5:00  Zergling x4  
  42  5:03  Baneling x2  
  44  5:07  Drone  
  45  5:14  Zergling x2  
  45  5:17  Baneling x2  
  45  5:19  Baneling  
  35  5:43  Roach Warren  
  35  5:49  Zergling x2  
  35  5:53  Queen  
  35  5:55  Drone x2  
  35  5:56  Drone x4  
  43  6:03  Drone x2  
  45  6:09  Drone  
  46  6:13  Drone  
  46  6:14  Drone  
  48  6:23  Drone x3  
  51  6:40  Roach x3  
  51  6:43  Overlord  
  57  6:56  Overlord x2  
  57  6:57  Overlord  
  57  7:07  Roach x4  
  65  7:21  Drone x3  
  65  7:22  Drone x3  
  71  7:23  Roach  
  73  7:37  Extractor  
  73  7:39  Extractor  
  73  7:40  Lair  
  73  7:42  Roach x3  
  77  7:47  Roach  
  77  7:50  Baneling  
  79  7:51  Baneling x6  
  79  7:53  Baneling  
  79  7:54  Baneling  
  79  7:55  Baneling x2  
  79  8:08  Roach  
  79  8:09  Roach x3  
  79  8:12  Overlord  
  87  8:15  Overlord  
  87  8:30  Pneumatized Carapace  
  79  8:42  Roach x2  
  79  8:43  Roach x6  
  84  8:48  Roach  
  84  8:49  Roach  
  81  8:58  Roach x3  
  85  9:10  Roach  
  85  9:11  Spine Crawler  
  85  9:13  Spine Crawler  
  85  9:18  Roach x3  
  85  9:23  Ravager x5  
  97  9:24  Ravager  
  83  9:55  Roach  
  83  9:56  Roach x6  
  88  10:11  Roach  
  88  10:12  Roach x7  
  72  10:30  Overseer  
  72  10:34  Roach x4  
  72  10:35  Roach x3  
  51  10:57  Roach x3  
  51  10:58  Roach x2  
  57  11:10  Zergling x4  
  57  11:11  Zergling x6  
  44  11:30  Roach x3  
  44  11:31  Roach  
  50  11:44  Roach x3  
  53  12:05  Queen  
  53  12:06  Queen  
  56  12:08  Roach  
  51  12:25  Roach x2  
Tags
 
Add a new tag
Caveats
  • Supply blocks, unpowered buildings, or Contaminate may cause inaccurate times.
  • Supply counts are checked every 10 seconds.